 Dungeon Crawl Stone Soup version 0.29.1-15-g9cfb28693d (webtiles) character file.

Game seed: 15045078292958630993

2 Descartes the Scratcher (level 1, -1/9 HPs)
             Began as a Felid Transmuter on Mar 10, 2023.
             Slain by a quokka (5 damage)
             ... on level 1 of the Dungeon.
             The game lasted 00:00:15 (47 turns).

Descartes the Scratcher (Felid Transmuter)            Turns: 47, Time: 00:00:16

Health: -1/9       AC:  1    Str:  6    XL:     1   Next: 33%
Magic:  4/4        EV: 17    Int: 14    God:
Gold:   0          SH:  0    Dex: 16    Spells: 3/4 levels left
                                        Lives:  0   Deaths: 0

rFire   . . .      SeeInvis +     - Unarmed
rCold   . . .      Faith    .   (shield unavailable)
rNeg    . . .      Spirit   .   (body armour unavailable)
rPois   .          Reflect  .   (helmet unavailable)
rElec   .          Harm     .   (cloak unavailable)
rCorr   .          Rampage  .   (gloves unavailable)
Will    .....                   (boots unavailable)
Stlth   +.........              (no amulet)
HPRegen 0.03/turn               (no ring)
MPRegen 0.09/turn               (no ring)

@: quick
A: very small, claws 1, fangs 3, see invisible, speed 1, shaggy fur 1, stealthy
paws, no weapons or thrown items, no armour, multi-lived
a: no special abilities


You were on level 1 of the Dungeon.
You visited 1 branch of the dungeon, and saw 1 of its levels.

Inventory:

Potions
 a - a potion of lignification


   Skills:
 - Level 1.0 Fighting
 + Level 2.8 Dodging
 + Level 3.0 Unarmed Combat
 - Level 2.0 Spellcasting
 * Level 2.3 Transmutations


You had 3 spell levels left.
You knew the following spells:

 Your Spells              Type           Power      Damage    Failure   Level
a - Beastly Appendage     Tmut           14%        N/A       9%          1

Your spell library contained the following spells:

 Spells                   Type           Power      Damage    Failure   Level
 Wereblood                Tmut           7%         N/A       14%         2
 Spider Form              Tmut/Pois      4%         N/A       41%         3
 Ice Form                 Ice/Tmut       4%         N/A       82%         4


Dungeon Overview and Level Annotations

Branches:
Dungeon (1/15)

Altars:


Innate Abilities, Weirdness & Mutations

You have sharp claws.
You have razor-sharp teeth.
You have supernaturally acute eyesight. (SInv)
You cover ground quickly. (Speed+)
You are covered in fur. (AC +1)
Your paws help you pounce on unaware monsters.
You are incapable of wielding weapons or throwing items.
You cannot wear armour.
You gain extra lives every three experience levels.


Message History

The bat is moderately wounded.
The bat misses you.
You scratch the bat.
The bat is heavily wounded.
The bat closely misses you.
You miss the bat. You bite the bat.
You kill the bat!
No target in view!
A quokka comes into view.
Found a mace.
You see here a scroll labelled ERPHORPHIZURPH.
The quokka barely misses you.
You completely miss the quokka. The quokka closely misses you.
You completely miss the quokka. Your bite misses the quokka.
The quokka misses you.
The quokka twitches its whiskers.
The quokka closely misses you.
You closely miss the quokka. The quokka misses you.
You barely miss the quokka. The quokka closely misses you.
You barely miss the quokka. The quokka barely misses you.
You scratch the quokka.
The quokka is severely wounded.
The quokka bites you.
Ouch! That really hurt!
You are too injured to fight recklessly!
You are too injured to fight recklessly!
You are too injured to fight recklessly!
You are too injured to fight recklessly!
You are too injured to fight recklessly!
You are too injured to fight recklessly!
You are too injured to fight recklessly!
A quokka is nearby!
You closely miss the quokka.
The quokka is severely wounded.
The quokka closely misses you.
You scratch the quokka but do no damage.
The quokka is severely wounded.
The quokka bites you.
Ouch! That really hurt!
You die...

.............# .#
.###.......#.###.#
#.......#..##.######
#...........#......##
#......†.....!......#
#.....)†.............
#................)...
#####......?......###
#........@r.....#
#.............#.#
...........(...#
#.##............# ..
##.....##.....#
####### ##..## ..#
..#


You could see a quokka.

Vanquished Creatures
  2 bats (D:1)
  A rat (D:1)
3 creatures vanquished.

Notes
Turn   | Place    | Note
-------+----------+-------------------------------------------
     0 | D:1      | Descartes the Felid Transmuter began the quest for the Orb.
     0 | D:1      | Reached XP level 1. HP: 9/9 MP: 4/4
    47 | D:1      | Slain by a quokka

Illustrated notes

Levels and vault maps discovered:
D:1:      amcnicky_arrival_flooded_fountain, layout_rooms, minivault_23,
          minmay_door_square, nicolae_concentric_dashed_squares_mild,
          minmay_indecisive_spiral

Action                   || total
-------------------------++-------
Melee: Unarmed           ||    18
       Bite              ||     2
Armor: Skin              ||     1
Dodge: Dodged            ||    20
